 Dungeon Crawl Stone Soup version 0.21.0-37-g46506fa (webtiles) character file.

25023 Inarius the Frost Mage (level 12, -8/99 (100) HPs)
             Began as a Purple Draconian Ice Elementalist on Jan 30, 2018.
             Was a High Priest of Nemelex Xobeh.
             Mangled by a wyvern (17 damage)
             ... on level 3 of the Lair of Beasts.
             The game lasted 00:50:06 (22768 turns).

Inarius the Frost Mage (DrIE)                      Turns: 22768, Time: 00:50:06

HP:   -8/99 (100)   AC:  9    Str: 11    XL:     12   Next: 85%
MP:   11/25         EV: 14    Int: 20    God:    Nemelex Xobeh [*****.]
Gold: 173           SH:  0    Dex: 12    Spells: 5/29 levels left

rFire    x . .     SeeInvis .   l - +5 flail "Omi Rirph" {elec, rC- rN++}
rCold    + . .     Gourm    +   (no shield)
rNeg     + + .     Faith    .   (armour unavailable)
rPois    .         Spirit   .   (helmet restricted)
rElec    .         Reflect  .   (no cloak)
rCorr    .         Harm     .   (no gloves)
MR       +....                  w - +0 pair of boots
Stlth    ++........             E - amulet of the gourmand
HPRegen  0.26/turn              x - ring of ice
MPRegen  0.19/turn              S - ring of protection from cold

@: no status effects
A: breathe power, unfitting armour, cold-blooded, AC +8
a: Breathe Dispelling Energy, Triple Draw, Deal Four, Stack Five, Renounce
Religion


You were on level 3 of the Lair of Beasts.
You worshipped Nemelex Xobeh.
Nemelex Xobeh was extremely pleased with you.
You were very full.

You visited 3 branches of the dungeon, and saw 17 of its levels.

You collected 1083 gold pieces.
You spent 910 gold pieces at shops.

Inventory:

Hand Weapons
 f - a +2 dagger of venom
 l - the +5 flail "Omi Rirph" (weapon) {elec, rC- rN++}
   (You found it on level 8 of the Dungeon)

   Occasionally, upon striking a foe, it will discharge some electrical energy
   and cause terrible harm.
   It makes you vulnerable to cold.
   It greatly protects you from negative energy.
 p - the +1 short sword of Cuetwich {vamp, Str+8 Int-3 SInv}
   (You found it on level 3 of the Lair of Beasts)

   It inflicts no extra harm, but heals its wielder when it wounds a living foe.
   It affects your strength (+8).
   It affects your intelligence (-3).
   It lets you see invisible.
Armour
 e - a cursed +0 shield
 w - a +0 pair of boots (worn)
Jewellery
 x - a ring of ice (left hand)
 E - an amulet of the gourmand (around neck)
 N - an uncursed ring of protection from fire
 P - an uncursed ring of protection from fire
 S - a ring of protection from cold (right hand)
Wands
 B - a wand of clouds (4)
Scrolls
 d - 5 scrolls of fog {unknown}
 g - 3 scrolls of enchant weapon
 h - 9 scrolls of remove curse
 i - 6 scrolls of teleportation
 k - 2 scrolls of fear {unknown}
 m - 4 scrolls of amnesia {unknown}
 n - 4 scrolls of magic mapping {unknown}
 s - a scroll of immolation {unknown}
 A - 2 scrolls of blinking {unknown}
 R - a scroll of holy word
Potions
 c - 4 potions of curing
 o - 3 potions of brilliance
 q - 2 potions of magic
 r - a potion of heal wounds
 t - a potion of mutation
 u - 2 potions of agility
 v - 4 potions of flight
 F - 2 potions of lignification
 G - 2 potions of might
 H - a potion of resistance
 I - a potion of ambrosia
 M - a potion of haste
Books
 C - a book of Ice

   Spells                             Type                      Level
   a - Ice Form                       Ice/Transmutation            4
   b - Metabolic Englaciation         Hexes/Ice                    5
   c - Ozocubu's Refrigeration        Ice                          6
   d - Bolt of Cold                   Conjuration/Ice              6
   e - Freezing Cloud                 Conjuration/Ice/Air          6
   f - Simulacrum                     Ice/Necromancy               6
Miscellaneous
 a - a plain deck of summoning {drawn: 2}
 j - an ornate deck of escape
 y - a legendary deck of destruction
 z - a plain deck of destruction {drawn: 2}
 D - a plain deck of destruction
 J - an ornate deck of escape
 L - an ornate deck of summoning
 O - a plain deck of destruction
 Q - an ornate deck of destruction
 U - an ornate deck of escape
Comestibles
 b - 29 rations


   Skills:
 + Level 7.1 Fighting
 - Level 1.2 Maces & Flails
 + Level 4.2 Dodging
 - Level 1.7 Stealth
 + Level 9.2 Spellcasting
 + Level 6.7 Conjurations
 + Level 3.3 Charms
 + Level 2.4 Summonings
 * Level 14.5 Ice Magic
 * Level 9.2 Invocations
 + Level 0.7 Evocations


You had 5 spell levels left.
You knew the following spells:

 Your Spells              Type           Power        Failure   Level  Hunger
a - Freeze                Ice            ####         1%          1    None
b - Ozocubu's Armour      Chrm/Ice       ######..     1%          3    None
c - Throw Icicle          Conj/Ice       ######..     1%          4    ###....
d - Summon Ice Beast      Ice/Summ       ######..     2%          4    ###....
e - Ozocubu's Refrigerat  Ice            #######...   2%          6    ######.
f - Bolt of Cold          Conj/Ice       ######....   14%         6    ######.


Dungeon Overview and Level Annotations

Branches:
Dungeon (12/15)            Temple (1/1) D:6            Lair (4/6) D:8
 Shoals (0/4) Lair:3       Spider (0/4) Lair:2          Orc (0/2) D:12

Altars:
Ashenzari
Cheibriados
Dithmenos
Elyvilon
Fedhas
Gozag
Hepliaklqana
Kikubaaqudgha
Makhleb
Nemelex Xobeh
Okawaru
Qazlal
Sif Muna
Trog
Wu Jian
Xom
Zin
The Shining One
Jiyva

Shops:
D:7 :

Annotations:
D:8 Terandir's ghost, novice MiFi


Innate Abilities, Weirdness & Mutations

You can breathe bolts of dispelling energy.
Your rich purple scales are hard. (AC +8)
You cannot fit into any form of body armour.
You are cold-blooded and may be slowed by cold attacks.


Message History

You climb upwards.
There is a stone staircase leading down here.
Casting: Throw Icicle
Confirm with . or Enter, or press ? or * to list all spells.
Aiming: Throw Icicle
Press: ? - help, Shift-Dir - straight line, f - wyvern
Aim: a wyvern (almost dead)
Okay, then.
Unknown command.
You hit the wyvern.
Your tail-slap misses the wyvern.
The wyvern is almost dead.
The wyvern bites you! The wyvern bites you.
* * * LOW HITPOINT WARNING * * *
The wyvern barely misses you. The wyvern misses you.
Evoke which item? (* to show all) (? for menu, Esc to quit)
You draw a card...
It is the Elements.
The wyvern bites you!!
* * * LOW HITPOINT WARNING * * *
The wyvern misses you. The wyvern bites you!
You die...
Your body glows with a rainbow of weird colours and disappears.

.................................
...#.####...P#..##P.##.##........
..#### ##...#######P#####........
..## #.....#### ### ##........
...# ##....##.## ####.........
..######.........####P###........
...............v.h...............
...............ll................
................@................
..#####P###.................).#..
..# ###......l...........#####.
..# ###........[.......## ##. ..#
###.................# #.#
..#######.#................######
...#P##.P.#[...............##.#..
.................................
.....................(...........


You could see 2 wyverns, a friendly raiju, a friendly basilisk and a friendly
fire vortex (wandering).

Vanquished Creatures
  Josephine (D:12)
  A hydra (Lair:2)
  Harold (D:12)
  2 two-headed ogres (D:8)
  Erica (D:8)
  Nergalle (Lair:1)
  An unseen horror (D:12)
  The ghost of Zorot the Skirmisher, a novice GnWn of Cheibriados (D:6)
  A manticore (D:11)
  A black mamba (Lair:3)
  3 gargoyles
  5 spiny frogs
  A troll (D:11)
  A jumping spider (Lair:2)
  Grinder (D:4)
  7 blink frogs (Lair:3)
  A snapping turtle (Lair:3)
  9 hippogriffs
  Sigmund (D:4)
  3 wraiths (D:12)
  8 yaks
  A wyvern (Lair:1)
  A steam dragon (Lair:3)
  4 water moccasins
  A hell hound (Lair:4)
  4 porcupines
  8 orc warriors
  4 ice beasts
  2 sky beasts (D:8)
  A black bear (D:8)
  A necrophage (D:8)
  4 eyes of draining
  4 phantoms
  5 ogres
  9 wolves (Lair:2)
  8 centaurs
  7 crocodiles
  7 bullfrogs
  2 big kobolds
  5 killer bees
  4 scorpions
  7 wights
  An electric eel (Lair:2)
  4 howler monkeys
  2 crimson imps
  A centaur zombie (D:11)
  6 jellies
  A bullfrog zombie (D:7)
  2 centaur skeletons
  5 hounds
  3 bullfrog skeletons
  7 orc priests
  5 iguanas
  16 orc wizards
  9 worker ants
  8 hell rats (Lair:1)
  A howler monkey zombie (D:5)
  A worker ant zombie (D:6)
  4 gnolls (D:5)
  11 adders
  11 river rats (Lair:1)
  2 shadow imps
  5 oozes (D:10)
  An adder zombie (D:5)
  3 worms
  A dart slug (D:2)
  4 leopard geckos
  59 orcs
  7 bats
  A giant cockroach (D:1)
  6 goblins
  5 hobgoblins
  14 jackals
  11 quokkas
  4 frilled lizards
  17 kobolds
  A leopard gecko skeleton (D:3)
  13 rats
  2 fungi (Lair:2)
  A plant (Lair:3)
395 creatures vanquished.

Vanquished Creatures (collateral kills)
  A two-headed ogre (D:9)
  An ugly thing (D:10)
  A wraith (D:11)
  A basilisk (Lair:3)
  4 yaks (D:9)
  An orc warrior (D:7)
  A necrophage (D:11)
  A hound (D:11)
  An orc priest (D:11)
  An orc (D:7)
13 creatures vanquished.

Vanquished Creatures (others)
  A wraith (D:12)
  2 fungi (D:8)
  A plant (Lair:4)
4 creatures vanquished.

Grand Total: 412 creatures vanquished

Notes
Turn   | Place    | Note
-------+----------+-------------------------------------------
     0 | D:1      | Inarius the Draconian Ice Elementalist began the quest for the Orb.
     0 | D:1      | Reached XP level 1. HP: 14/14 MP: 3/3
   241 | D:1      | Reached XP level 2. HP: 20/20 MP: 5/5
  1055 | D:2      | Reached skill level 4 in Ice Magic
  1130 | D:2      | Reached XP level 3. HP: 26/26 MP: 6/6
  1144 | D:2      | Learned a level 3 spell: Ozocubu's Armour
  1598 | D:2      | Found a shattered altar of Ashenzari.
  1654 | D:2      | Reached XP level 4. HP: 34/34 MP: 4/7
  1956 | D:2      | Found a white marble altar of Elyvilon.
  1956 | D:2      | Found a glowing golden altar of the Shining One.
  1957 | D:2      | Found a glowing silver altar of Zin.
  2487 | D:3      | Found an ancient bone altar of Kikubaaqudgha.
  2550 | D:3      | Reached skill level 1 in Fighting
  2881 | D:4      | Reached XP level 5. HP: 26/40 MP: 8/8
  3076 | D:4      | Noticed Sigmund
  3090 | D:4      | Killed Sigmund
  3090 | D:4      | Reached skill level 5 in Ice Magic
  3090 | D:4      | Reached XP level 6. HP: 37/48 MP: 5/10
  3234 | D:4      | Learned a level 4 spell: Throw Icicle
  3282 | D:4      | Found a bloodstained altar of Trog.
  3351 | D:4      | Noticed Grinder
  3362 | D:4      | Killed Grinder
  3362 | D:4      | Your scales start taking on a rich purple colour.
  3362 | D:4      | Reached skill level 1 in Charms
  3362 | D:4      | Reached XP level 7. HP: 49/56 MP: 11/13
  3718 | D:4      | Reached skill level 6 in Ice Magic
  4148 | D:5      | Entered Level 5 of the Dungeon
  4555 | D:5      | Reached skill level 5 in Spellcasting
  4744 | D:5      | Reached XP level 8. HP: 24/66 MP: 12/15
  5540 | D:5      | Reached skill level 7 in Ice Magic
  5678 | D:6      | Found a staircase to the Ecumenical Temple.
  5685 | Temple   | Entered the Ecumenical Temple
  5694 | Temple   | Became a worshipper of Nemelex Xobeh the Trickster
  5758 | D:6      | Noticed Zorot's ghost (novice GnWn)
  5807 | D:6      | Killed Zorot's ghost
  5878 | D:6      | Received a gift from Nemelex Xobeh
  5895 | D:6      | Found an ornate altar of the Wu Jian Council.
  6018 | D:6      | Reached skill level 8 in Ice Magic
  6527 | D:7      | Reached * piety under Nemelex Xobeh
  6941 | D:7      | Reached XP level 9. HP: 62/73 MP: 16/16
  6965 | D:7      | Received a gift from Nemelex Xobeh
  7149 | D:7      | Reached skill level 5 in Fighting
  7276 | D:7      | Found Vaonuut's Book Boutique.
  7486 | D:8      | Noticed Terandir's ghost (novice MiFi)
  7488 | D:8      | Noticed Erica
  7609 | D:4      | Reached skill level 9 in Ice Magic
  7707 | D:4      | Found a burning altar of Makhleb.
  8200 | D:7      | Learned a level 4 spell: Summon Ice Beast
  8450 | D:8      | Got a bloodstained flail
  8451 | D:8      | Identified the +5 flail "Omi Rirph" {elec, rC- rN++} (You found it on level 8 of the Dungeon)
  8644 | D:8      | Killed Erica
  8644 | D:8      | Reached skill level 1 in Maces & Flails
  8644 | D:8      | Reached skill level 10 in Ice Magic
  8857 | D:8      | Received a gift from Nemelex Xobeh
  8872 | D:8      | Reached XP level 10. HP: 83/83 MP: 4/17
  8923 | D:8      | Found a stormy altar of Qazlal.
  9004 | D:8      | Reached skill level 1 in Summonings
  9119 | D:8      | Found a deep blue altar of Sif Muna.
  9124 | D:8      | Found an opulent altar of Gozag.
  9129 | D:8      | Found a blossoming altar of Fedhas.
  9170 | D:8      | Found a staircase to the Lair.
  9171 | D:8      | Noticed a two-headed ogre
  9184 | D:8      | Killed a two-headed ogre
  9184 | D:8      | Reached skill level 5 in Invocations
  9554 | D:8      | Noticed a two-headed ogre
  9563 | D:8      | Killed a two-headed ogre
  9563 | D:8      | Reached skill level 11 in Ice Magic
  9861 | D:8      | Reached ** piety under Nemelex Xobeh
 10509 | D:9      | Received a gift from Nemelex Xobeh
 10610 | D:9      | Received a gift from Nemelex Xobeh
 10960 | D:9      | Found a shadowy altar of Dithmenos.
 11422 | D:9      | Reached XP level 11. HP: 90/91 MP: 14/21
 11507 | D:10     | Entered Level 10 of the Dungeon
 11512 | D:10     | Noticed a two-headed ogre
 11531 | D:9      | Killed a two-headed ogre
 11884 | D:10     | Received a gift from Nemelex Xobeh
 12295 | D:10     | Reached *** piety under Nemelex Xobeh
 12500 | D:10     | Found a viscous altar of Jiyva.
 12874 | D:11     | Noticed a purple ugly thing
 12979 | D:10     | Killed a purple ugly thing
 13619 | D:11     | Reached skill level 12 in Ice Magic
 15656 | D:12     | Killed an unseen horror
 15656 | D:12     | Reached skill level 5 in Conjurations
 15784 | D:12     | Received a gift from Nemelex Xobeh
 15850 | D:12     | Noticed Harold
 16020 | D:12     | Found a staircase to the Orcish Mines.
 16627 | D:12     | Noticed Josephine
 16777 | D:12     | Killed Josephine
 16777 | D:12     | Reached skill level 13 in Ice Magic
 16965 | D:12     | Reached **** piety under Nemelex Xobeh
 16965 | D:12     | Received a gift from Nemelex Xobeh
 17185 | D:12     | Killed Harold
 17185 | D:12     | Reached XP level 12. HP: 86/99 MP: 5/24
 17505 | Lair:1   | Entered Level 1 of the Lair of Beasts
 17810 | Lair:1   | Noticed Nergalle
 17815 | Lair:1   | Killed Nergalle
 18874 | D:7      | Bought a book of Ice for 910 gold pieces
 18881 | D:7      | Learned a level 6 spell: Ozocubu's Refrigeration
 18888 | D:7      | Learned a level 6 spell: Bolt of Cold
 18948 | Lair:2   | Received a gift from Nemelex Xobeh
 18954 | Lair:2   | Noticed a four-headed hydra
 19255 | Lair:2   | Killed a four-headed hydra
 19889 | Lair:2   | Found a hole to the Spider Nest.
 19994 | Lair:2   | Reached skill level 14 in Ice Magic
 20109 | Lair:2   | Received a gift from Nemelex Xobeh
 20211 | Lair:2   | Reached ***** piety under Nemelex Xobeh
 21557 | Lair:3   | Received a gift from Nemelex Xobeh
 21590 | Lair:3   | Got a crude short sword
 21591 | Lair:3   | Identified the cursed +1 short sword of Cuetwich {vamp, Str+8 Int-3 SInv} (You found it on level 3 of the Lair of Beasts)
 21881 | Lair:3   | Found a staircase to the Shoals.
 22676 | Lair:4   | Noticed a seven-headed hydra
 22768 | Lair:3   | Mangled by a wyvern

Skill      XL: |  1  2  3  4  5  6  7  8  9 10 11 12 |
---------------+-------------------------------------+-----
Ice Magic      | 4 5 6 8 10 11 13 14 | 14.5
Dodging        | 2 3 4 |  4.2
Fighting       | 1 2 3 4 6 7 |  7.1
Spellcasting   | 3 4 5 6 8 9 |  9.2
Charms         | 1 3 |  3.3
Invocations    | 3 4 6 8 9 |  9.2
Maces & Flails | 1 |  1.2
Conjurations   | 2 3 5 6 |  6.7
Summonings     | 1 2 |  2.4
Stealth        | |  1.7
Evocations     | |  0.7

Action                   |  1- 3 |  4- 6 |  7- 9 | 10-12 || total
-------------------------+-------+-------+-------+-------++-------
Melee: Dagger            |    66 |    99 |   360 |       ||   525
       Unarmed           |     5 |       |       |       ||     5
       Tailslap          |     5 |    15 |    42 |    33 ||    95
       Flail             |       |       |    16 |   423 ||   439
 Cast: Freeze            |    14 |     4 |    18 |     8 ||    44
       Ozocubu's Armour  |       |     2 |    12 |    35 ||    49
       Throw Icicle      |       |       |    20 |   219 ||   239
       Summon Ice Beast  |       |       |     3 |    14 ||    17
       Ozocubu's Refrige |       |       |       |    13 ||    13
 Abil: Breathe Dispellin |       |       |     2 |     4 ||     6
Evoke: Wand              |       |       |     2 |     1 ||     3
       Deck              |       |       |     2 |    10 ||    12
  Use: Potion            |       |     2 |     5 |       ||     7
       Scroll            |       |       |     8 |     6 ||    14
 Stab: Sleeping          |     1 |     2 |     6 |     4 ||    13
       Invisible         |       |       |     2 |       ||     2
  Eat: Chunk             |     2 |     6 |    23 |    87 ||   118
Armor: Skin              |    22 |    24 |   129 |   216 ||   391
Dodge: Dodged            |    54 |    49 |   228 |   403 ||   734
